 Dungeon Crawl Stone Soup version 0.28.0-1-gb440e238dd (webtiles) character file.

Game seed: 13406929587060799817

75 hikkokomori the Chiller (level 4, -1/30 HPs)
             Began as a Merfolk Ice Elementalist on Feb 21, 2022.
             Slain by Grinder (5 damage)
             ... while paralysed by Grinder
             ... on level 3 of the Dungeon.
             The game lasted 00:05:37 (3469 turns).

hikkokomori the Chiller (Merfolk Ice Elementalist)  Turns: 3469, Time: 00:05:37

Health: -1/30      AC:  2    Str: 10    XL:     4   Next: 31%
Magic:  5/8        EV:  2    Int: 14    God:
Gold:   146        SH:  0    Dex: 14    Spells: 2/9 levels left

rFire   . . .      SeeInvis .   e - +0 falchion
rCold   . . .      Faith    .   (no shield)
rNeg    . . .      Spirit   .   a - +0 robe
rPois   .          Reflect  .   (no helmet)
rElec   .          Harm     .   (no cloak)
rCorr   .          Rampage  .   (no gloves)
Will    .....                   (no boots)
Stlth   ++........              (no amulet)
HPRegen 0.10/turn               (no ring)
MPRegen 0.11/turn               (no ring)

@: paralysed, mighty
A: (nimble swimmer 2), mertail
a: no special abilities


You were on level 3 of the Dungeon.
You visited 1 branch of the dungeon, and saw 3 of its levels.

You collected 146 gold pieces.

Inventory:

Hand Weapons
 b - a +0 club
 e - a +0 falchion (weapon)
Armour
 a - a +0 robe (worn)
Scrolls
 c - 2 scrolls of magic mapping
 f - a scroll of teleportation {unknown}
 g - a scroll of identify {unknown}
 h - 2 scrolls of vulnerability {unknown}
Potions
 d - a potion of might


   Skills:
 - Level 2.7 Dodging
 - Level 2.2 Stealth
 + Level 3.0 Spellcasting
 + Level 5.2 Ice Magic
 + Level 1.4 Poison Magic


You had 2 spell levels left.
You knew the following spells:

 Your Spells              Type           Power      Damage    Failure   Level
a - Freeze                Ice            64%        1d8       2%          1
b - Mephitic Cloud        Conj/Pois/Air  3%         N/A       45%         3
c - Ozocubu's Armour      Ice            16%        N/A       8%          3

Your spell library contained the following spells:

 Spells                   Type           Power      Damage    Failure   Level
 Scorch                   Fire           4%         2d5       32%         2
 Frozen Ramparts          Ice            32%        1d5       8%          3
 Hailstorm                Conj/Ice       9%         3d4       58%         4
 Flame Wave               Conj/Fire      2%         2d4       91%         4
 Petrify                  Tmut/Erth      2%         N/A       91%         4
 Lightning Bolt           Conj/Air       1%         1d12      99%         5
 Summon Cactus Giant      Summ           1%         N/A       100%        6


Dungeon Overview and Level Annotations

Branches:
Dungeon (3/15)

Altars:
Elyvilon
Okawaru

Shops:
D:1 *

Annotations:
D:3 Grinder, Sigmund


Innate Abilities, Weirdness & Mutations

((You are very nimble when in or above water. (Stealth+, EV+, Speed+++)))
Your lower body shifts to a powerful aquatic tail in water.


Message History

Unknown command.
Casting: Freeze (safe; 2% risk of failure)
Confirm with . or Enter, or press ? or * to list all spells.
Aiming: Freeze (safe; 2% risk of failure)
Press: ? - help, Shift-Dir - straight line, f/p - Grinder
Aim: Grinder (lightly wounded)
You freeze Grinder.
Grinder resists.
Grinder is lightly wounded.
Grinder misses you.
Unknown command.
Casting: Freeze (safe; 2% risk of failure)
Confirm with . or Enter, or press ? or * to list all spells.
Aiming: Freeze (safe; 2% risk of failure)
Press: ? - help, Shift-Dir - straight line, f/p - Grinder
Aim: Grinder (lightly wounded)
You freeze Grinder.
Grinder resists.
Grinder is lightly wounded.
Grinder hits you.
Unknown command.
Casting: Freeze (safe; 2% risk of failure)
Confirm with . or Enter, or press ? or * to list all spells.
Aiming: Freeze (safe; 2% risk of failure)
Press: ? - help, Shift-Dir - straight line, f/p - Grinder
Aim: Grinder (lightly wounded)
You freeze Grinder but do no damage.
Grinder completely resists.
Grinder hits you!
* * * LOW HITPOINT WARNING * * *
Unknown command.
It was a potion of might.
You feel very mighty all of a sudden. Grinder gestures at you.
You resist with significant effort.
You slash Grinder!
Grinder is heavily wounded.
Grinder gestures at you.
You suddenly lose the ability to move!
Grinder hits you but does no damage. Grinder hits you but does no damage.
Grinder completely misses you. Grinder hits you.
You die...

#..†...............†.#######
#.......#####.#.####.#
######..#####.#.# #.#
#..........# #.#
##.#####.### ##.## #.# #.#
##...## #.# ##.####>....##
#.# #...##.......# #.#
#.#.@5...^...# #.#
#..)##.......# #.#
#######.....## #.. ##....#
#######.#.# .. ...###.#.#
...####.##....#
.#............#
..............#


You could see Grinder.

Vanquished Creatures
  2 adders (D:2)
  A worm (D:3)
  5 bats
  3 endoplasms
  A giant cockroach (D:3)
  3 goblins
  8 hobgoblins
  6 jackals
  2 quokkas
  7 ball pythons
  2 frilled lizards (D:3)
  10 rats
50 creatures vanquished.

Notes
Turn   | Place    | Note
-------+----------+-------------------------------------------
     0 | D:1      | hikkokomori the Merfolk Ice Elementalist began the quest
                  | for the Orb.
     0 | D:1      | Reached XP level 1. HP: 13/13 MP: 3/3
   410 | D:1      | Found Jomojel's General Store.
   430 | D:1      | Reached XP level 2. HP: 4/19 MP: 0/5
  1455 | D:1      | Got Sonohut's Almanac of Shifting Lightness
  1593 | D:1      | Reached XP level 3. HP: 24/24 MP: 3/6
  1600 | D:1      | Learned a level 3 spell: Mephitic Cloud
  1604 | D:1      | Learned a level 3 spell: Ozocubu's Armour
  2170 | D:2      | Reached skill level 5 in Ice Magic
  2462 | D:2      | Reached skill level 1 in Poison Magic
  2507 | D:2      | Reached XP level 4. HP: 30/30 MP: 6/8
  2594 | D:2      | Found a faded altar of an unknown god.
  3395 | D:3      | Found a white marble altar of Elyvilon.
  3395 | D:3      | Found an iron altar of Okawaru.
  3411 | D:3      | Noticed Grinder
  3423 | D:3      | Noticed Sigmund
  3466 | D:3      | Paralysed by Grinder for 7 turns
  3469 | D:3      | Slain by Grinder

Illustrated notes

Levels and vault maps discovered:
D:1:      dpeg_arrival_ratfight, layout_loops_ring, serial_shops,
          nicolae_shop_behind_doors
D:2:      layout_basic, hellmonk_ecumenical_altar_pennies_from_heaven,
          minmay_tromino_v4_b
D:3:      layout_loops_ring, gammafunk_temple_overflow_statue, uniq_jessica,
          uniq_grinder, uniq_sigmund

Skill      XL: |  1  2  3  4 |
---------------+-------------+-----
Ice Magic      | 5 |  5.2
Poison Magic   | 1 |  1.4
Spellcasting   | 3 |  3.0
Dodging        | |  2.7
Stealth        | |  2.2

Action                   |  1- 3 |  4- 6 || total
-------------------------+-------+-------++-------
Melee: Unarmed           |    16 |       ||    16
       Club              |    39 |       ||    39
       Punch             |     1 |       ||     1
       Falchion          |       |    18 ||    18
 Cast: Freeze            |    37 |    21 ||    58
  Use: Scroll            |     2 |       ||     2
       Potion            |       |     1 ||     1
 Stab: Sleeping          |     3 |     1 ||     4
Armor: Robe              |    16 |     9 ||    25
Dodge: Dodged            |    59 |    28 ||    87
